 Dungeon Crawl Stone Soup version 0.30-a0-639-g3916f1956a (webtiles) character file.

Game seed: 5113067056699942695

85568 flotson the Cleaver (level 15, -9/105 HPs)
             Began as a Demonspawn Delver on Jan 16, 2023.
             Was the Champion of Hepliaklqana.
             Mangled by an enormous slime creature (37 damage)
             ... on level 15 of the Dungeon.
             The game lasted 00:40:17 (20668 turns).

flotson the Cleaver (Demonspawn Delver)            Turns: 20668, Time: 00:40:18

Health: -9/105     AC: 48    Str: 25    XL:     15   Next: 38%
Magic:  0/21       EV: 15    Int: 11    God:    Hepliaklqana [******]
Gold:   1699       SH: 11    Dex: 16    Spells: 14/14 levels left

rFire   + + .      SeeInvis .    a - +7 broad axe of Insufficient Pleasure {spect, rF+ rC+}
rCold   + . .      Faith    .    W - +0 kite shield
rNeg    . . .      Spirit   +    t - +15 plate armour of Feinirgh {-Cast Fly rF+}
rPois   +          Reflect  .    q - +2 helmet of Yschemao {+Inv}
rElec   .          Harm     .    P - +1 cloak {rPois}
rCorr   .          Rampage  .    (no gloves)
Will    +....      NoCast   +    E - +0 pair of boots Stlth
                                 y - amulet of guardian spirit
HPRegen 0.37/turn                N - +4 ring of slaying
MPRegen 0.17/turn                V - +6 ring of strength

@: agile, sanguine armoured, flying
A: reduced essence, claws 2, ignite blood 3, powered by pain 1, sanguine armour
3
a: Renounce Religion, Evoke Invisibility, Recall Ancestor, Ancestor Identity,
Transference, Idealise


You were on level 15 of the Dungeon.
You worshipped Hepliaklqana.
Hepliaklqana was exalted by your worship.
You visited 3 branches of the dungeon, and saw 21 of its levels.
You also visited: Sewer and Gauntlet.

You collected 1699 gold pieces.

Inventory:

Hand Weapons
 a - the +7 broad axe of Insufficient Pleasure (weapon) {spect, rF+ rC+}
   (You found it on level 5 of the Dungeon)

   rF:        It protects you from fire.
   rC:        It protects you from cold.
 b - the +8 sling of Vaextirch {drain, rC++ Str-4}
   (You found it on level 2 of the Dungeon)

   Str:       It affects your strength (-4).
   rC:        It greatly protects you from cold.
 Q - a +0 broad axe
Missiles
 l - a throwing net (quivered)
 n - 16 javelins
 o - 4 silver javelins
 s - 21 boomerangs
 x - 7 atropa-tipped darts
 F - 5 boomerangs of dispersal
 J - 8 curare-tipped darts
Armour
 q - the +2 helmet of Yschemao (worn) {+Inv}
   (You found it in a Gauntlet)

   +Inv:      It lets you turn invisible.
 t - the +15 plate armour of Feinirgh (worn) {-Cast Fly rF+}
   (You found it on level 14 of the Dungeon)

   rF:        It protects you from fire.
   Fly:       It grants you flight.
   -Cast:     It prevents spellcasting.
 E - a +0 pair of boots (worn)
 P - a +1 cloak of poison resistance (worn)
 W - a +0 kite shield (worn)
 Z - +0 acid dragon scales
Jewellery
 y - an amulet of guardian spirit (around neck)
 G - a ring of fire
 N - a +4 ring of slaying (left claw)
 U - a ring of see invisible
 V - a +6 ring of strength (right claw)
Wands
 g - a wand of digging (5)
 i - a wand of light (19)
 k - a wand of roots (31)
 m - a wand of mindburst (2)
 H - a wand of charming (14)
 O - a wand of polymorph (13)
Scrolls
 c - 4 scrolls of fog
 d - 5 scrolls of poison
 e - 3 scrolls of fear
 f - 3 scrolls of summoning
 j - 5 scrolls of blinking
 u - 3 scrolls of immolation
 D - 8 scrolls of teleportation
 I - a scroll of torment
 L - a scroll of enchant weapon
 R - a scroll of silence
 S - 3 scrolls of vulnerability
 T - 7 scrolls of identify
Potions
 p - 5 potions of flight
 r - 9 potions of curing
 v - 4 potions of mutation
 w - 3 potions of haste
 z - 2 potions of attraction
 A - 3 potions of heal wounds
 B - a potion of berserk rage
 C - 4 potions of might
 K - a potion of lignification
 X - a potion of cancellation
 Y - a potion of brilliance
Miscellaneous
 h - a condenser vane


   Skills:
 + Level 10.6 Fighting
 * Level 12.5 Axes
 - Level 2.0 Ranged Weapons
 + Level 9.1 Throwing
 + Level 9.3 Armour
 + Level 9.4 Dodging
 - Level 5.0 Stealth
 + Level 7.7 Shields
 - Level 8.0 Invocations
 + Level 10.2 Evocations


You had 14 spell levels left.
You didn't know any spells.
Your spell library contained the following spells:

 Spells                   Type           Power      Damage    Failure   Level
 Freeze                   Ice            0%         1d3       100%        1
 Slow                     Hex            0%         N/A       100%        1
 Sting                    Tmut/Pois      0%         1d3       100%        1
 Poisonous Vapours        Pois/Air       0%         N/A       100%        2
 Sublimation of Blood     Necr           0%         N/A       100%        2
 Wereblood                Tmut           0%         N/A       100%        2
 Confusing Touch          Hex            0%         N/A       100%        3
 Frozen Ramparts          Ice            0%         1d1       100%        3
 Gell's Gravitas          Tloc           0%         N/A       100%        3
 Hailstorm                Conj/Ice       0%         3d3       100%        3
 Inner Flame              Hex/Fire       0%         N/A       100%        3
 Ozocubu's Armour         Ice            0%         N/A       100%        3
 Teleport Other           Tloc           0%         N/A       100%        3
 Vampiric Draining        Necr           0%         2d6       100%        3
 Cause Fear               Hex            0%         N/A       100%        4
 Flame Wave               Conj/Fire      0%         2d4       100%        4
 Ice Form                 Ice/Tmut       0%         N/A       100%        4
 Olgreb's Toxic Radiance  Pois           0%         N/A       100%        4
 Sticky Flame             Conj/Fire      0%         2d3       100%        4
 Summon Lightning Spire   Summ/Air       0%         N/A       100%        4
 Alistair's Intoxication  Tmut/Pois      0%         N/A       100%        5
 Blade Hands              Tmut           0%         N/A       100%        5
 Borgnjor's Vile Clutch   Necr/Erth      0%         N/A       100%        5
 Irradiate                Conj/Tmut      0%         3d11      100%        5
 Metabolic Englaciation   Hex/Ice        0%         N/A       100%        5
 Conjure Ball Lightning   Conj/Air       0%         3x3d6     100%        6
 Dispersal                Tloc           0%         N/A       100%        6
 Eringya's Noxious Bog    Tmut/Pois      0%         N/A       100%        6
 Simulacrum               Ice/Necr       0%         N/A       100%        6
 Dragon Form              Tmut           0%         N/A       100%        7
 Storm Form               Tmut/Air       0%         N/A       100%        7
 Summon Hydra             Summ           0%         N/A       100%        7
 Discord                  Hex            0%         N/A       100%        8
 Disjunction              Tloc           0%         N/A       100%        8
 Maxwell's Capacitive Co  Air            0%         ∞         100%        8


Dungeon Overview and Level Annotations

Branches:
Dungeon (15/15)            Temple (1/1) D:5            Lair (5/5) D:8
  Swamp (0/4) Lair:3        Snake (0/4) Lair:2        Slime (0/5) Lair:4
    Orc (0/2) D:11         Vaults (0/5) D:14         Depths (0/4) D:15
  Sewer (visited)         Gauntlet (visited)

Altars:
Ashenzari
Cheibriados
Fedhas
Gozag
Hepliaklqana
Makhleb
Nemelex Xobeh
Okawaru
Qazlal
Ru
Trog
Uskayaw
Vehumet
Xom
Jiyva

Shops:
D:3 [   D:8 [

Annotations:
D:5 Persephone's ghost, amateur MfGl


Innate Abilities, Weirdness & Mutations

Your life essence is reduced to manifest your ancestor. (-10% HP)
You have very sharp fingernails.
Your demonic aura causes all spilled blood to erupt in flames.
You sometimes gain a little power by taking damage.
When seriously injured, your blood forms very thick armour. (AC +12)


Message History

You slash the green ugly thing!
The green ugly thing is almost dead.
You hit the red ugly thing.
You slash the very large slime creature!
The brown ugly thing is engulfed in blazing flames.
The very large slime creature is engulfed in blazing flames.
The very large slime creature hits you but does no damage.
Two slime creatures merge to form an enormous slime creature.
The red ugly thing is engulfed in blazing flames.
You block the red ugly thing's attack.
The green ugly thing is engulfed in blazing flames.
You kill the green ugly thing!
Esmond gestures at the enormous slime creature while chanting.
The bolt of magma hits the enormous slime creature!!
You slash the enormous slime creature!
The enormous slime creature is moderately wounded.
You closely miss the red ugly thing.
The brown ugly thing is engulfed in blazing flames.
The red ugly thing is engulfed in blazing flames.
You block the red ugly thing's attack.
The brown ugly thing is engulfed in blazing flames.
The brown ugly thing barely misses you.
Unknown command.
Unknown command.
You slice the brown ugly thing!!
The brown ugly thing is almost dead.
You slash the enormous slime creature! You hit the red ugly thing.
The enormous slime creature is engulfed in blazing flames.
The enormous slime creature hits you!!!
* * * LOW HITPOINT WARNING * * *
You focus on the pain.
You feel agile all of a sudden.
The red ugly thing is engulfed in blazing flames.
The red ugly thing tail-slaps you but does no damage.
A faun comes into view.
The brown ugly thing is engulfed in blazing flames.
You kill the brown ugly thing!
The enormous slime creature is engulfed in blazing flames.
The enormous slime creature hits you!!!
You die...

~,*******,* *,,,,,*
*,,**,,*****, ~∩* *,*
*,..,,* *,,*,,,,,,,,, ~,*
*#****,.,** *,**,**,,,***
,,* *#.****u###
*,*,,,,,*,,,, ,8*
*...***,..##*,*,,**,,©,,*
###
**,...***...#*,*,,,,,,*,,*
#.#
*>,,,.c,*#☼.#*,**,,,*,,,*,
#.#
**,,,,#.##☼##*,,*,,,,*,,,,
#)#
*,,,*#.J@R.#*,,*****,,***
#.#
**,**#°u#§##*,,,,,,****©*
#.# #########.#
*,,,,,,,,,,,, #.#
#.....[...# *,,,,,,,,,,,*
#)# #.####...##
*,,,,,,,,,,,* #)# #.#
#...# *,,,,,,,,,,,* #)#
#.# #...# *,,,,,,,,,,,*
#.# #.# #...#
*,,,,,,,,,,,* #.#######.#
#...# *,,,,,,,,,,,,


You could see the friendly Esmond the battlemage, a red ugly thing, an enormous
slime creature (ally target) and a faun.

Vanquished Creatures
  Kirke (Lair:5)
  A minotaur (Gauntlet)
  A dire elephant (Gauntlet)
  The ghost of Laraso the Timeless, a journeyman DjHW of Cheibriados (Lair:4)
  2 hydras (Lair:5)
  8 vault guards (D:14)
  2 centaur warriors
  12 death yaks
  A boulder beetle (Lair:2)
  A two-headed ogre (D:12)
  Urug (Lair:1)
  Amaemon (Lair:2)
  Sonja (Lair:4)
  2 skeletal warriors (D:12)
  A glowing orange brain (D:15)
  A swamp dragon (Lair:3)
  An orc knight (D:15)
  5 ugly things
  An oklob plant (Lair:5)
  5 manticores
  4 cyclopes
  15 elephants
  Joseph (Lair:1)
  A guardian serpent (Lair:2)
  7 black mambas
  A torpor snail (Gauntlet)
  An orange demon (Lair:2)
  A kobold demonologist (D:10)
  8 cane toads
  3 rime drakes
  A yaktaur (D:14)
  5 komodo dragons
  3 burning bushes (Lair:1)
  2 trolls
  10 polar bears
  A hornet (D:10)
  16 blink frogs
  2 raiju (Lair:5)
  8 slime creatures
  A vampire (D:12)
  2 shadows (D:12)
  5 wyverns
  3 wraiths
  38 yaks
  6 basilisks
  A hog (Lair:5)
  8 vampire mosquitoes
  A steam dragon (D:7)
  6 wargs
  4 acid dragons
  8 hell hounds (Lair:5)
  19 water moccasins
  2 ice beasts
  2 orc warriors (D:15)
  5 sky beasts
  13 black bears
  An ogre (D:4)
  48 wolves
  8 centaurs
  A phantom (D:4)
  5 kobold brigands
  A gnoll sergeant (D:7)
  11 bullfrogs
  5 scorpions
  3 wights
  14 killer bees
  4 howler monkeys
  2 jellies
  2 hounds
  5 orc priests
  3 iguanas
  Natasha (thrice) (D:2)
  9 orc wizards
  A centaur simulacrum (D:5)
  2 bullfrog simulacra (D:5)
  15 gnolls
  10 adders
  An ufetubus (D:6)
  A worm (D:2)
  5 dart slugs
  An adder simulacrum (D:5)
  12 orcs
  4 bats
  7 endoplasms
  18 giant cockroaches
  6 hobgoblins
  15 quokkas
  11 ball pythons
  10 frilled lizards
  11 goblins
  20 kobolds
  7 rats
545 creatures vanquished.

Vanquished Creatures (collateral kills)
  A centaur warrior (D:14)
  2 two-headed ogres
  A death yak (Lair:4)
  3 skeletal warriors (D:12)
  Maurice (D:8)
  3 elephants
  4 cane toads
  2 gargoyles
  A torpor snail (Gauntlet)
  An unseen horror (D:12)
  A rime drake (Lair:2)
  A kobold demonologist (D:13)
  2 polar bears (Lair:5)
  A tarantella (shapeshifter) (D:14)
  A blink frog (Lair:5)
  A raiju (Lair:5)
  Sigmund (D:6)
  7 yaks
  2 hogs (Lair:5)
  3 vampire mosquitoes
  A basilisk (D:8)
  2 wargs
  6 hell hounds (Lair:5)
  4 water moccasins
  A black bear (Lair:5)
  An ice beast (D:7)
  3 wolves
  An ogre (D:7)
  A centaur (D:8)
  A phantom (D:7)
  A bullfrog (D:7)
  A wight (D:10)
  5 killer bees
  A howler monkey (D:11)
  An electric eel (D:10)
  A jelly (D:7)
  An iguana (D:6)
  A bullfrog simulacrum (D:5)
  2 gnolls
  A white imp (D:7)
  4 orcs
  A quokka (D:14)
  4 kobolds
84 creatures vanquished.

Vanquished Creatures (others)
  16 battlemagi
  37 fungi
  71 plants
124 creatures vanquished.

Grand Total: 753 creatures vanquished

Notes
Turn   | Place    | Note
-------+----------+-------------------------------------------
     0 | D:5      | flotson the Demonspawn Delver began the quest for the Orb.
     0 | D:5      | Reached XP level 1. HP: 18/18 MP: 1/1
    37 | D:4      | Noticed a phantom
    57 | D:4      | Identified the +4 scale mail of Iqiludod {*Slow Int+10}
    73 | D:4      | Found a stormy altar of Qazlal.
   110 | D:4      | Found a glowing drain.
   123 | Sewer    | Entered a sewer
   179 | Sewer    | Reached skill level 2 in Axes
   179 | Sewer    | Gained mutation: When seriously injured, your blood forms
                  | armour. (AC +12) [demonic ancestry]
   179 | Sewer    | Reached XP level 2. HP: 14/24 MP: 2/2
   394 | Sewer    | Reached XP level 3. HP: 27/29 MP: 3/3
   474 | Sewer    | Reached skill level 1 in Evocations
   649 | Sewer    | Noticed a bullfrog
   661 | Sewer    | Noticed a bullfrog
   672 | Sewer    | Killed a bullfrog
   673 | Sewer    | Reached skill level 1 in Throwing
   673 | Sewer    | Reached skill level 1 in Armour
   673 | Sewer    | Gained mutation: When seriously injured, your blood forms
                  | thick armour. (AC +12) [demonic ancestry]
   673 | Sewer    | Reached XP level 4. HP: 26/35 MP: 4/4
   697 | Sewer    | Killed a bullfrog
   698 | Sewer    | Reached skill level 5 in Stealth
   698 | Sewer    | Reached XP level 5. HP: 20/41 MP: 5/5
   881 | D:3      | Found a shimmering altar of Xom.
  1096 | D:2      | Found a hide-covered altar of Uskayaw.
  1102 | D:2      | Noticed Natasha
  1121 | D:2      | Killed Natasha
  1135 | D:2      | Noticed Natasha
  2038 | D:1      | Reached XP level 6. HP: 48/48 MP: 6/6
  2351 | D:2      | Killed Natasha
  2353 | D:2      | Noticed Natasha
  2360 | D:2      | Killed Natasha
  2590 | D:2      | Identified the +8 sling of Vaextirch {drain, rC++ Str-4}
  3091 | D:3      | Found a faded altar of an unknown god.
  3136 | D:3      | Found Pumuc Dasm's Armour Emporium.
  3422 | D:4      | Found a blossoming altar of Fedhas.
  3439 | D:4      | Gained mutation: Your demonic aura sometimes causes spilled
                  | blood to erupt in flames. [demonic ancestry]
  3439 | D:4      | Reached XP level 7. HP: 54/54 MP: 7/7
  3665 | D:4      | Reached skill level 1 in Ranged Weapons
  3972 | D:5      | Found a staircase to the Ecumenical Temple.
  3979 | Temple   | Entered the Ecumenical Temple
  4044 | Temple   | Became a worshipper of Hepliaklqana the Forgotten
  4104 | D:5      | Found a runed translucent gate.
  4104 | D:5      | Found a runed translucent gate.
  4105 | D:5      | Found a runed translucent gate.
  4105 | D:5      | Identified the +7 broad axe of Insufficient Pleasure
                  | {spect, rF+ rC+}
  4397 | D:5      | Reached skill level 1 in Invocations
  4604 | D:5      | Noticed Persephone's ghost (amateur MfGl)
  4816 | D:6      | Reached * piety under Hepliaklqana
  5078 | D:6      | Reached XP level 8. HP: 54/54 MP: 9/9
  5096 | D:6      | Reached skill level 3 in Axes
  5197 | D:5      | Reached skill level 5 in Fighting
  5274 | D:6      | Found an iron altar of Okawaru.
  5450 | D:6      | Reached skill level 4 in Axes
  5532 | D:6      | Gained mutation: You have sharp fingernails. [demonic
                  | ancestry]
  5532 | D:6      | Reached XP level 9. HP: 49/61 MP: 11/11
  5657 | D:6      | Noticed Sigmund
  5663 | D:6      | Killed Sigmund
  5664 | D:6      | Reached ** piety under Hepliaklqana
  5666 | D:6      | Remembered your ancestor Esmond as a battlemage
  5938 | D:7      | Found an opulent altar of Gozag.
  6119 | D:7      | Found a sparkling altar of Nemelex Xobeh.
  6148 | D:7      | Reached skill level 5 in Axes
  6402 | D:7      | Reached skill level 5 in Dodging
  6552 | D:7      | Reached skill level 5 in Evocations
  6609 | D:7      | Reached skill level 5 in Invocations
  6611 | D:7      | Gained mutation: Your demonic aura often causes spilled
                  | blood to erupt in flames. [demonic ancestry]
  6611 | D:7      | Reached XP level 10. HP: 38/68 MP: 13/13
  6717 | D:7      | Reached skill level 6 in Axes
  7174 | D:8      | Reached skill level 5 in Armour
  7312 | D:8      | Found a staircase to the Lair.
  7317 | D:8      | Reached skill level 1 in Shields
  7322 | D:8      | Reached skill level 5 in Throwing
  7480 | D:8      | Found Jedghu Wuergh's Armour Emporium.
  7585 | D:8      | Found a bloodstained altar of Trog.
  7665 | D:8      | Noticed Maurice
  7674 | D:8      | Killed Maurice
  8104 | D:8      | Found a snail-covered altar of Cheibriados.
  8325 | D:9      | Found a broken altar of Ashenzari.
  8325 | D:9      | Reached *** piety under Hepliaklqana
  8669 | D:9      | Reached skill level 7 in Axes
  8692 | D:9      | Gained mutation: You sometimes gain a little power by
                  | taking damage. [demonic ancestry]
  8692 | D:9      | Reached XP level 11. HP: 62/74 MP: 15/15
  8794 | D:9      | Noticed a two-headed ogre
  8800 | D:9      | Killed a two-headed ogre
  9429 | D:10     | Entered Level 10 of the Dungeon
  9645 | D:10     | Paralysed by a hornet for 2 turns
 10219 | Lair:1   | Entered Level 1 of the Lair of Beasts
 10219 | Lair:1   | Noticed Joseph
 10219 | Lair:1   | Noticed Urug
 10752 | Lair:1   | Reached **** piety under Hepliaklqana
 10754 | Lair:1   | Killed Urug
 10957 | Lair:1   | Killed Joseph
 10958 | Lair:1   | Reached skill level 8 in Axes
 11093 | Lair:1   | Noticed a death yak
 11093 | Lair:1   | Noticed a death yak
 11094 | Lair:1   | Noticed a death yak
 11094 | Lair:1   | Noticed a death yak
 11095 | Lair:1   | Noticed a death yak
 11097 | Lair:1   | Killed a death yak
 11098 | Lair:1   | Noticed a death yak
 11104 | Lair:1   | Killed a death yak
 11112 | Lair:1   | Killed a death yak
 11113 | Lair:1   | Reached XP level 12. HP: 65/82 MP: 17/17
 11117 | Lair:1   | Killed a death yak
 11316 | Lair:1   | Killed a death yak
 11322 | Lair:1   | Killed a death yak
 11795 | Lair:1   | Reached skill level 9 in Axes
 12348 | Lair:2   | Noticed Amaemon
 12362 | Lair:2   | Found a gate leading to a gauntlet.
 12371 | Gauntlet | Entered a Gauntlet
 12371 | Gauntlet | Found a transporter.
 12371 | Gauntlet | Found a transporter.
 12493 | Gauntlet | Found a transporter.
 12495 | Gauntlet | Found a transporter.
 12501 | Gauntlet | Found a transporter.
 12504 | Gauntlet | Found a transporter.
 12512 | Gauntlet | Found a transporter.
 12530 | Gauntlet | Found a transporter.
 12531 | Gauntlet | Noticed a dire elephant
 12536 | Gauntlet | Found a transporter.
 12538 | Gauntlet | Found a transporter.
 12548 | Gauntlet | Found a transporter.
 12597 | Gauntlet | Found a transporter.
 12702 | Gauntlet | Identified the +2 helmet of Yschemao {+Inv}
 12723 | Gauntlet | Reached skill level 5 in Shields
 12724 | Gauntlet | Gained mutation: You have very sharp fingernails. [demonic
                  | ancestry]
 12724 | Gauntlet | Reached XP level 13. HP: 72/89 MP: 19/19
 12793 | Gauntlet | Killed a dire elephant
 12942 | Gauntlet | Noticed a minotaur
 12957 | Gauntlet | Killed a minotaur
 13064 | Gauntlet | Identified the +3 mace of Qiolil {drain, rCorr Int+2
                  | Stlth+}
 13140 | Lair:2   | Killed Amaemon
 13141 | Lair:2   | Reached skill level 10 in Axes
 13456 | Lair:2   | Identified the +0 sling of Guilt {freeze, rPois rF- rCorr}
 13652 | Lair:2   | Found a staircase to the Snake Pit.
 14095 | Lair:3   | Found a staircase to the Swamp.
 14474 | Lair:3   | Reached ***** piety under Hepliaklqana
 14890 | Lair:4   | Noticed Sonja
 14898 | Lair:4   | Killed Sonja
 15048 | Lair:4   | Found a transporter.
 15054 | Lair:4   | Noticed Laraso's ghost (journeyman DjHW)
 15113 | Lair:4   | Found a staircase to the Slime Pits.
 15113 | Lair:4   | Found a viscous altar of Jiyva.
 15226 | Lair:4   | Found a transporter.
 15770 | Lair:4   | Gained mutation: Your demonic aura causes all spilled blood
                  | to erupt in flames. [demonic ancestry]
 15770 | Lair:4   | Reached XP level 14. HP: 82/97 MP: 16/20
 15771 | Lair:4   | Reached skill level 11 in Axes
 15773 | Lair:4   | Killed Laraso's ghost
 15849 | Lair:5   | Entered Level 5 of the Lair of Beasts
 16608 | Lair:5   | Noticed Kirke
 16772 | Lair:5   | Noticed a sphinx
 16779 | Lair:5   | Killed Kirke
 16834 | Lair:5   | Found a hide-covered altar of Uskayaw.
 17545 | D:11     | Reached skill level 10 in Fighting
 17920 | D:11     | Found a staircase to the Orcish Mines.
 18242 | D:12     | Reached skill level 12 in Axes
 18904 | D:13     | Gained mutation: When seriously injured, your blood forms
                  | very thick armour. (AC +12) [demonic ancestry]
 18904 | D:13     | Reached XP level 15. HP: 60/103 MP: 13/21
 19104 | D:13     | Reached ****** piety under Hepliaklqana
 19739 | D:14     | Found a gate to the Vaults.
 19747 | D:14     | Reached skill level 10 in Evocations
 19892 | D:14     | Found a sacrificial altar of Ru.
 20282 | D:14     | Identified the +15 plate armour of Feinirgh {-Cast Fly rF+}
 20558 | D:15     | Entered Level 15 of the Dungeon
 20668 | D:15     | Mangled by an enormous slime creature

Illustrated notes

Levels and vault maps discovered:
D:1:      mrwooster_arrival_statue_3, layout_basic,
          nicolae_concentric_dashed_squares_mild, grunt_decor_arrowhead
D:2:      layout_basic, basic_altar, grunt_decor_mini_mirrors, uniq_natasha
D:3:      layout_rooms, xom_teletrap_fun, serial_shops,
          nicolae_shop_window_shopping, shapermc_ecumenical_altar_ellora,
          dreamdust_mushroom_princess
D:4:      layout_loops_cross, mainiacjoe_overflow_catwalk, fedhas_altar_1,
          gup_sewer_entry_pipe
D:5:      layout_layer_cave, minmay_temple_entry_glass, gammafunk_ghost_icy,
          solitary_fountain
D:6:      layout_gridville, okawaru_altar_gauntlet_db, minmay_pentangle,
          uniq_sigmund
D:7:      layout_basic, mainiacjoe_overflow_small_starburst,
          nicolae_gozag_seed_capital
D:8:      layout_loops_corners, overflow_temple_1_default, lemuel_doored_altar,
          minmay_lair_entry_grove, serial_shops,
          nicolae_shop_competitors_out_of_business, uniq_maurice
D:9:      layout_irregular_city, old_standard_altar,
          chequers_serial_rivers_micro_d, corexii_hall_statues_s,
          lightli_fourway_metalbox
D:10:     layout_basic, serial_bayou_lake_a
D:11:     layout_small_grid, minmay_orc_entry_guard_dogs
D:12:     layout_roguey, kennysheep_generic_room_8
D:13:     layout_rooms
D:14:     layout_roguey, erik_vaults_2, elyvilon_altar_5,
          nicolae_ru_great_annihilating_truth
D:15:     gammafunk_enter_depths_forms, layout_long_grid,
          portal_ice_cave_entry_pillars_2, serial_shops, nicolae_lakefront_shop,
          gammafunk_ghost_stat_death
Temple:   nicolae_temple_figure_eight
Lair:1:   layout_loops_ring, evilmike_ambush [evilmike_ambush_outer_pillars,
          evilmike_ambush_inner_basic], grunt_megastairs_4, uniq_joseph,
          uniq_urug
Lair:2:   layout_regular_city, minmay_snake_entry_spellcaster,
          gauntlet_entry_generic, uniq_amaemon
Lair:3:   layout_cave_pods, minmay_swamp_entry_reptiles, serial_rivers,
          chequers_serial_rivers_room_a, chequers_serial_rivers_micro_d,
          chequers_serial_rivers_micro_c, chequers_serial_rivers_room_b
Lair:4:   layout_regular_city, slime_entry_1, gammafunk_ghost_arena,
          grunt_megastairs_3, uniq_sonja
Lair:5:   hangedman_lair_caniforms_friends, layout_concentric_octagons,
          basic_altar, infiniplex_staircase_pool, uniq_kirke

Skill      XL: |  1  2  3  4  5  6  7  8  9 10 11 12 13 14 15 |
---------------+----------------------------------------------+-----
Axes           | 2 4 5 7 8 9 10 12 | 12.5
Dodging        | 2 3 4 5 6 7 8 9 |  9.4
Evocations     | 1 2 3 4 5 6 7 8 9 10 | 10.2
Throwing       | 1 2 3 4 5 6 7 8 9 |  9.1
Armour         | 1 2 3 4 5 6 7 8 9 |  9.3
Stealth        | 5 |  5.0
Fighting       | 4 5 6 7 8 9 10 | 10.6
Ranged Weapons | 1 2 |  2.0
Invocations    | 1 3 5 6 7 8 |  8.0
Shields        | 2 3 5 6 7 |  7.7

Action                   |  1- 3 |  4- 6 |  7- 9 | 10-12 | 13-15 || total
-------------------------+-------+-------+-------+-------+-------++-------
Melee: Hand axe          |   119 |   196 |       |       |       ||   315
       Punch             |     2 |     2 |       |       |       ||     4
       Broad axe         |       |       |    80 |   190 |   342 ||   612
 Fire: Sling             |       |    64 |    47 |    10 |       ||   121
Throw: Dart              |     2 |     9 |       |     5 |       ||    16
Invok: Ancestor Life: Ba |       |       |     1 |       |       ||     1
       Recall Ancestor   |       |       |       |     1 |     1 ||     2
Evoke: Wand              |     1 |     6 |       |       |     4 ||    11
  Use: Potion            |     2 |       |       |       |     1 ||     3
       Scroll            |     1 |       |       |    14 |     8 ||    23
 Stab: Sleeping          |     1 |     5 |     2 |     2 |     2 ||    12
       Invisible         |       |     2 |       |       |     1 ||     3
       Distracted        |       |       |     1 |     2 |     5 ||     8
Armor: Leather armour    |    43 |    26 |       |       |       ||    69
       Scale mail        |       |    95 |    32 |    86 |     1 ||   214
       Ring mail         |       |       |       |       |   143 ||   143
       Plate armour      |       |       |       |       |     9 ||     9
Dodge: Dodged            |   104 |   138 |    56 |   200 |   174 ||   672
Block: Buckler           |       |       |       |    81 |    65 ||   146
       Kite shield       |       |       |       |       |   102 ||   102

Table legend: (Time is in decaauts)
 A = Elapsed time spent in this place.
 B = Non-inter-level travel time spent in this place.
 C = Inter-level travel time spent in this place.
 D = Time resting spent in this place.
 E = Time spent auto-exploring this place.
 F = Levels seen in this place.
 G = Mean time per level.
                   A        B        C        D        E       F      G
               +--------+--------+--------+--------+--------+-----+--------+
         Total |  21067 |  20285 |    782 |   1399 |  15191 |  23 |  916.0 |
       Dungeon |  13828 |  13321 |    507 |   1125 |   9893 |  15 |  921.9 |
        Temple |     93 |     84 |      9 |      0 |     79 |   1 |   93.0 |
          Lair |   5660 |   5394 |    266 |    130 |   4306 |   5 | 1132.0 |
         Sewer |    716 |    716 |      0 |    144 |    274 |   1 |  716.0 |
      Gauntlet |    767 |    767 |      0 |      0 |    638 |   1 |  767.0 |
               +--------+--------+--------+--------+--------+-----+--------+

Top non-repeatable levels by time:
     D:8: 2033 daAuts
  Lair:1: 1344 daAuts
  Lair:5: 1316 daAuts
     D:9: 1282 daAuts
     D:7: 1229 daAuts
  Lair:4: 1146 daAuts
     D:1: 1054 daAuts
     D:6: 1045 daAuts
     D:5: 1040 daAuts
    D:14: 980 daAuts
     D:2: 959 daAuts
  Lair:3: 933 daAuts
  Lair:2: 920 daAuts
Gauntlet: 767 daAuts
     D:4: 741 daAuts
